PIO (24 & UNDER)
COLORADO COMMANDERS @ SURREY SINNERS
06/11/2028
 
TOP OF THE 1ST
Colorado Commanders batting - Pitching for Surrey Sinners : RHP Robinson Flores
Pitching: RHP Robinson Flores
Batting: RHB Tony Barton 0-0: Ball
1-0: Foul Ball, location: 2F
1-1: Ball
2-1: Foul Ball, location: 2F
2-2: Ball
3-2: SINGLE (Groundball, 34D)
Batting: RHB Ray Ervin 0-0: Called Strike
Tony Barton steals 2nd base
0-1: Called Strike
Tony Barton is caught stealing 3rd base
0-2: Ball
1-2: Foul Ball, location: 2F
1-2: Strikes out swinging
Batting: RHB Mike Martin 0-0: Foul Ball, location: 2F
0-1: DOUBLE (Flyball, 78M)
Batting: LHB Arturo Rodledo 0-0: Foul Ball, location: 2F
0-1: Foul Ball, location: 2F
0-2: Strikes out swinging
Top of the 1st over - 0 run(s), 2 hit(s), 0 error(s), 1 left on base; Colorado 0 - Surrey 0
BOTTOM OF THE 1ST
Surrey Sinners batting - Pitching for Colorado Commanders : RHP Ted Stuart
Pitching: RHP Ted Stuart
Batting: RHB Marcos Liñares 0-0: Foul Ball, location: 2F
0-1: Called Strike
0-2: Ball
1-2: Foul Ball, location: 2F
1-2: Foul Ball, location: 2F
1-2: Strikes out looking
Batting: RHB Félix Carbajal 0-0: Foul Ball, location: 2F
0-1: Ball
1-1: Fly out, F4 (Popup, 4D)
Batting: SHB António Ramos 0-0: Fly out, F7 (Flyball, 7S)
Bottom of the 1st over - 0 run(s), 0 hit(s), 0 error(s), 0 left on base; Colorado 0 - Surrey 0
TOP OF THE 2ND
Colorado Commanders batting - Pitching for Surrey Sinners : RHP Robinson Flores
Batting: LHB Luis Torres 0-0: Swinging Strike
0-1: Foul Ball, location: 2F
0-2: Strikes out looking
Batting: RHB Roberto Rodríguez 0-0: Called Strike
0-1: Swinging Strike
0-2: Strikes out swinging
Batting: RHB Chris Rice 0-0: Fly out, F7 (Flyball, 7LM)
Top of the 2nd over - 0 run(s), 0 hit(s), 0 error(s), 0 left on base; Colorado 0 - Surrey 0
BOTTOM OF THE 2ND
Surrey Sinners batting - Pitching for Colorado Commanders : RHP Ted Stuart
Batting: LHB Juan Hinojosa 0-0: DOUBLE (Line Drive, 89M)
Batting: RHB Dennis House 0-0: Fly out, F7 (Flyball, 7S)
Batting: RHB John Stevens 0-0: Ball
1-0: Ball
2-0: Ball
3-0: Called Strike
3-1: Called Strike
3-2: Foul Ball, location: 2F
3-2: Strikes out looking
Batting: SHB Norberto Muñóz 0-0: Ball
1-0: Ball
2-0: SINGLE (Line Drive, 78M)
Juan Hinojosa to third
Batting: RHB Robert Koremans 0-0: Called Strike
0-1: Fielders Choice at 2nd, 5-4 (Groundball, 56)
Bottom of the 2nd over - 0 run(s), 2 hit(s), 0 error(s), 1 left on base; Colorado 0 - Surrey 0
TOP OF THE 3RD
Colorado Commanders batting - Pitching for Surrey Sinners : RHP Robinson Flores
Batting: RHB Carl O'Dell 0-0: Ball
1-0: Called Strike
1-1: Fly out, F5 (Popup, 5S)
Batting: RHB Eliot James 0-0: SINGLE (Line Drive, 9LS)
Batting: RHB Tony Barton 0-0: Swinging Strike
0-1: Swinging Strike
0-2: Ball
1-2: Fielders Choice at 2nd, 6-4 (Groundball, 56)
Batting: RHB Ray Ervin 0-0: Ball
Tony Barton is caught stealing 2nd base
Top of the 3rd over - 0 run(s), 1 hit(s), 0 error(s), 0 left on base; Colorado 0 - Surrey 0
BOTTOM OF THE 3RD
Surrey Sinners batting - Pitching for Colorado Commanders : RHP Ted Stuart
Batting: RHB Mitchell Darragh 0-0: Called Strike
0-1: Ball
1-1: Swinging Strike
1-2: Strikes out swinging
Batting: RHB Marcos Liñares 0-0: Ball
1-0: Foul Ball, location: 2F
1-1: Ball
2-1: Ball
3-1: SINGLE (Groundball, 6M) (infield hit)
Batting: RHB Félix Carbajal 0-0: Ball
Marcos Liñares is caught stealing 2nd base
1-0: Called Strike
1-1: Swinging Strike
1-2: Strikes out swinging
Bottom of the 3rd over - 0 run(s), 1 hit(s), 0 error(s), 0 left on base; Colorado 0 - Surrey 0
TOP OF THE 4TH
Colorado Commanders batting - Pitching for Surrey Sinners : RHP Robinson Flores
Batting: RHB Ray Ervin 0-0: Ball
1-0: Called Strike
1-1: Foul Ball, location: 2F
1-2: Strikes out swinging
Batting: RHB Mike Martin 0-0: Fly out, F8 (Flyball, 8LS)
Batting: LHB Arturo Rodledo 0-0: Swinging Strike
0-1: Foul Ball, location: 2F
0-2: Ground out U3 (Groundball, 34)
Top of the 4th over - 0 run(s), 0 hit(s), 0 error(s), 0 left on base; Colorado 0 - Surrey 0
BOTTOM OF THE 4TH
Surrey Sinners batting - Pitching for Colorado Commanders : RHP Ted Stuart
Batting: SHB António Ramos 0-0: Called Strike
0-1: Swinging Strike
0-2: Ball
1-2: Ground out 1-3 (Groundball, 15S)
Batting: LHB Juan Hinojosa 0-0: Called Strike
0-1: Foul Ball, location: 2F
0-2: Ground out 4-3 (Groundball, 4)
Batting: RHB Dennis House 0-0: Ball
1-0: Swinging Strike
1-1: Foul Ball, location: 2F
1-2: Foul Ball, location: 2F
1-2: Foul Ball, location: 2F
1-2: Strikes out looking
Bottom of the 4th over - 0 run(s), 0 hit(s), 0 error(s), 0 left on base; Colorado 0 - Surrey 0
TOP OF THE 5TH
Colorado Commanders batting - Pitching for Surrey Sinners : RHP Robinson Flores
Batting: LHB Luis Torres 0-0: SOLO HOME RUN (Flyball, 9LD), Distance : 346 ft
Batting: RHB Roberto Rodríguez 0-0: Ball
1-0: Ball
2-0: Called Strike
2-1: Swinging Strike
2-2: Foul Ball, location: 2F
2-2: Foul Ball, location: 2F
2-2: Fly out, F4 (Popup, 34D)
Batting: RHB Chris Rice 0-0: Ground out 3-1 (Groundball, 34)
Batting: RHB Carl O'Dell 0-0: Ball
1-0: Ball
2-0: Ball
3-0: Base on Balls
Batting: RHB Eliot James 0-0: Called Strike
Carl O'Dell steals 2nd base
0-1: Ball
1-1: Ball
2-1: Ball
3-1: Base on Balls
Batting: RHB Tony Barton 0-0: Called Strike
0-1: Ball
1-1: Swinging Strike
1-2: Strikes out swinging
Top of the 5th over - 1 run(s), 1 hit(s), 0 error(s), 2 left on base; Colorado 1 - Surrey 0
BOTTOM OF THE 5TH
Surrey Sinners batting - Pitching for Colorado Commanders : RHP Ted Stuart
Batting: RHB John Stevens 0-0: Called Strike
0-1: Ball
1-1: Swinging Strike
1-2: Ball
2-2: Ball
3-2: Strikes out swinging
Batting: SHB Norberto Muñóz 0-0: Ball
1-0: Ball
2-0: Foul Ball, location: 2F
2-1: Foul Ball, location: 2F
2-2: Fly out, F9 (Flyball, 9)
Batting: RHB Robert Koremans 0-0: Ball
1-0: Called Strike
1-1: Foul Ball, location: 2F
1-2: Hit by Pitch
Batting: RHB Mitchell Darragh 0-0: Ball
1-0: Called Strike
1-1: Ball
2-1: Ball
3-1: Called Strike
3-2: Base on Balls
Robert Koremans to second
Batting: RHB Marcos Liñares 0-0: Called Strike
0-1: Foul Ball, location: 2F
0-2: Ball
1-2: Ball
2-2: SINGLE (Line Drive, 8LS)
Robert Koremans to third
Mitchell Darragh to second
Runner from 3rd tries for Home, SAFE, no throw
Batting: RHB Félix Carbajal 0-0: Ball
1-0: Called Strike
1-1: Foul Ball, location: 2F
1-2: Ball
2-2: Ball
3-2: Foul Ball, location: 2F
3-2: Fly out, F8 (Flyball, 89M)
Bottom of the 5th over - 1 run(s), 1 hit(s), 0 error(s), 2 left on base; Colorado 1 - Surrey 1
TOP OF THE 6TH
Colorado Commanders batting - Pitching for Surrey Sinners : RHP Robinson Flores
Batting: RHB Ray Ervin 0-0: Ball
1-0: SINGLE (Line Drive, 78S)
Batting: RHB Mike Martin 0-0: Ball
1-0: Foul Ball, location: 2F
1-1: Foul Ball, location: 2F
1-2: Foul Ball, location: 2F
1-2: Foul Ball, location: 2F
1-2: Ball
2-2: Strikes out swinging
Batting: LHB Arturo Rodledo 0-0: Ball
1-0: Called Strike
1-1: Foul Ball, location: 2F
1-2: SINGLE (Groundball, 6MD)
Ray Ervin to second
Runner from 2nd tries for 3rd, SAFE, throw made to third
Batting: LHB Luis Torres 0-0: Ball
1-0: DOUBLE (Line Drive, 9LM)
Ray Ervin scores
Arturo Rodledo to third
Batting: RHB Roberto Rodríguez 0-0: Called Strike
0-1: Called Strike
0-2: Ball
1-2: Foul Ball, location: 2F
1-2: Ground out 4-3 (Groundball, 34)
Batting: RHB Chris Rice Balk!
Arturo Rodledo scores
Luis Torres to third
0-0: Called Strike
0-1: Called Strike
0-2: Foul Ball, location: 2F
0-2: SINGLE (Line Drive, 34)
Luis Torres scores
Pitching: LHP Ramón Cardenas
Batting: RHB Carl O'Dell 0-0: Called Strike
0-1: Ball
1-1: Ball
2-1: Called Strike
2-2: Ball
3-2: Strikes out swinging
Top of the 6th over - 3 run(s), 4 hit(s), 0 error(s), 1 left on base; Colorado 4 - Surrey 1
BOTTOM OF THE 6TH
Surrey Sinners batting - Pitching for Colorado Commanders : RHP Ted Stuart
Pitching: LHP Manuel Reyes
Batting: SHB António Ramos 0-0: SINGLE (Line Drive, 9S)
Batting: LHB Juan Hinojosa 0-0: Called Strike
0-1: Ground out 4-3 (Groundball, 4S)
António Ramos to second
Batting: RHB Dennis House 0-0: Called Strike
António Ramos is caught stealing 3rd base
0-1: Fly out, F9 (Flyball, 9)
Bottom of the 6th over - 0 run(s), 1 hit(s), 0 error(s), 0 left on base; Colorado 4 - Surrey 1
TOP OF THE 7TH
Colorado Commanders batting - Pitching for Surrey Sinners : LHP Ramón Cardenas
Batting: RHB Eliot James 0-0: Swinging Strike
0-1: Foul Ball, location: 2F
0-2: Ball
1-2: Ball
2-2: Strikes out swinging
Batting: RHB Tony Barton 0-0: Ball
1-0: Foul Ball, location: 2F
1-1: Reached on error, E5 (Groundball, 56S)
Batting: RHB Ray Ervin 0-0: Intentional Walk
Batting: RHB Mike Martin 0-0: Ball
Tony Barton steals 3rd base
Ray Ervin to second
1-0: Intentional Walk
Pinch Hitting: RHB Kyle Vélez 0-0: Foul Ball, location: 2F
0-1: Called Strike
0-2: Ball
1-2: Strikes out looking
Pinch Hitting: RHB Alberto Soto 0-0: Foul Ball, location: 2F
0-1: Ball
1-1: Foul Ball, location: 2F
1-2: Foul Ball, location: 2F
1-2: Foul Ball, location: 2F
1-2: Foul Ball, location: 2F
1-2: Fielders Choice at 2nd, 5-4 (Groundball, 5)
Top of the 7th over - 0 run(s), 0 hit(s), 1 error(s), 2 left on base; Colorado 4 - Surrey 1
BOTTOM OF THE 7TH
Surrey Sinners batting - Pitching for Colorado Commanders : LHP Manuel Reyes
Now at 1B: Kyle Vélez
Now in RF: Alberto Soto
Batting: RHB John Stevens 0-0: Called Strike
0-1: Foul Ball, location: 2F
0-2: Strikes out looking
Batting: SHB Norberto Muñóz 0-0: Ball
1-0: Ball
2-0: Fly out, F8 (Flyball, 8LM)
Batting: RHB Robert Koremans 0-0: Called Strike
0-1: Ball
1-1: Ball
2-1: Ball
3-1: Base on Balls
Batting: RHB Mitchell Darragh 0-0: Ball
1-0: Ball
2-0: Foul Ball, location: 2F
2-1: Ball
3-1: Foul Ball, location: 2F
3-2: Base on Balls
Robert Koremans to second
Batting: RHB Marcos Liñares 0-0: SINGLE (Groundball, 6MD)
Robert Koremans to third
Mitchell Darragh to second
Runner from 3rd tries for Home, SAFE, no throw
Pinch Hitting: RHB Jorge Barrios 0-0: Ball
1-0: Swinging Strike
1-1: Ball
2-1: Swinging Strike
2-2: Strikes out swinging
Bottom of the 7th over - 1 run(s), 1 hit(s), 0 error(s), 2 left on base; Colorado 4 - Surrey 2
TOP OF THE 8TH
Colorado Commanders batting - Pitching for Surrey Sinners : LHP Ramón Cardenas
Now in LF: Jorge Martínez
Batting: RHB Roberto Rodríguez 0-0: Fly out, F6 (Line Drive, 6)
Batting: RHB Chris Rice 0-0: Called Strike
0-1: Swinging Strike
0-2: Strikes out swinging
Batting: RHB Carl O'Dell 0-0: Ground out 5-3 (Groundball, 56S)
Top of the 8th over - 0 run(s), 0 hit(s), 0 error(s), 0 left on base; Colorado 4 - Surrey 2
BOTTOM OF THE 8TH
Surrey Sinners batting - Pitching for Colorado Commanders : LHP Manuel Reyes
Batting: SHB António Ramos 0-0: Ball
1-0: Ball
2-0: Ball
3-0: Called Strike
3-1: Base on Balls
Batting: LHB Juan Hinojosa 0-0: Ball
1-0: Swinging Strike
1-1: Foul Ball, location: 2F
1-2: Ball
2-2: Strikes out swinging
Pitching: RHP Juan Mesa
Batting: RHB Dennis House 0-0: Ball
Wild Pitch!
António Ramos to second
1-0: Foul Ball, location: 2F
1-1: Swinging Strike
1-2: Ball
2-2: Ground out 5-3 (Groundball, 56)
Batting: RHB John Stevens 0-0: Hit by Pitch
Batting: SHB Norberto Muñóz 0-0: Ball
1-0: Ball
2-0: Foul Ball, location: 2F
2-1: Called Strike
2-2: Ball
3-2: Foul Ball, location: 2F
3-2: Base on Balls
António Ramos to third
John Stevens to second
Batting: RHB Robert Koremans 0-0: Ball
1-0: Foul Ball, location: 2F
1-1: Ball
2-1: Swinging Strike
2-2: Strikes out swinging
Bottom of the 8th over - 0 run(s), 0 hit(s), 0 error(s), 3 left on base; Colorado 4 - Surrey 2
TOP OF THE 9TH
Colorado Commanders batting - Pitching for Surrey Sinners : LHP Ramón Cardenas
Batting: RHB Eliot James 0-0: Called Strike
0-1: Swinging Strike
0-2: Ball
1-2: Ball
2-2: Foul Ball, location: 2F
2-2: Foul Ball, location: 2F
2-2: Strikes out swinging
Batting: RHB Tony Barton 0-0: Called Strike
0-1: Swinging Strike
0-2: Strikes out looking
Batting: RHB Ray Ervin 0-0: Ball
1-0: Ball
2-0: Ball
3-0: Base on Balls
Batting: RHB Mike Martin 0-0: Ball
1-0: Swinging Strike
1-1: Foul Ball, location: 2F
1-2: Ball
2-2: Foul Ball, location: 2F
2-2: Ball
3-2: Foul Ball, location: 2F
3-2: Foul Ball, location: 2F
3-2: Foul Ball, location: 2F
3-2: Strikes out swinging
Top of the 9th over - 0 run(s), 0 hit(s), 0 error(s), 1 left on base; Colorado 4 - Surrey 2
BOTTOM OF THE 9TH
Surrey Sinners batting - Pitching for Colorado Commanders : RHP Juan Mesa
Pitching: RHP Sixto García
Batting: RHB Mitchell Darragh 0-0: Swinging Strike
0-1: Ball
1-1: Ground out 5-3 (Groundball, 5)
Batting: RHB Marcos Liñares 0-0: Ball
1-0: Ball
2-0: Called Strike
2-1: Called Strike
2-2: Foul Ball, location: 2F
2-2: Strikes out looking
Batting: LHB Jorge Martínez 0-0: Called Strike
0-1: Foul Ball, location: 2F
0-2: Foul Ball, location: 2F
0-2: Ball
1-2: Ball
2-2: Ball
3-2: Base on Balls
Batting: SHB António Ramos 0-0: Ball
1-0: Called Strike
1-1: Called Strike
1-2: Strikes out looking
Bottom of the 9th over - 0 run(s), 0 hit(s), 0 error(s), 1 left on base; Colorado 4 - Surrey 2
Tuesday, August 8th, 2017 - OOTP Baseball 17.12 Build 75